 Dungeon Crawl Stone Soup version 0.26.1-10-gdfb7c7de75 (webtiles) character file.

Game seed: 9835974151717611717

179 jifgo the Firebug (level 5, -3/29 HPs)
             Began as a Deep Elf Fire Elementalist on Apr 10, 2021.
             Slain by an iguana (15 damage)
             ... on level 4 of the Dungeon.
             The game lasted 00:05:02 (3329 turns).

jifgo the Firebug (Deep Elf Fire Elementalist)      Turns: 3329, Time: 00:05:03

Health: -3/29      AC:  3    Str:  5    XL:     5   Next: 33%
Magic:  9/13       EV: 13    Int: 21    God:
Gold:   181        SH:  0    Dex: 15    Spells: 3/12 levels left

rFire    . . .     SeeInvis .   b - +0 dagger
rCold    . . .     Faith    .   (no shield)
rNeg     . . .     Spirit   .   a - +0 robe
rPois    .         Reflect  .   (no helmet)
rElec    .         Harm     .   e - +0 cloak
rCorr    .         Rampage  .   (no gloves)
Will     .....                  (no boots)
Stlth    ++........             (no amulet)
HPRegen  0.09/turn              (no ring)
MPRegen  0.13/turn              (no ring)

@: no status effects
A: no striking features
a: no special abilities


You were on level 4 of the Dungeon.
You visited 1 branch of the dungeon, and saw 5 of its levels.

You collected 181 gold pieces.

Inventory:

Hand Weapons
 b - a +0 dagger (weapon)
Missiles
 l - 9 silver javelins
Armour
 a - a +0 robe (worn)
 e - a +0 cloak (worn)
Jewellery
 i - an uncursed ring of fire {unknown}
Scrolls
 d - 3 scrolls of remove curse {unknown}
 f - 2 scrolls of teleportation {unknown}
 g - a scroll of random uselessness {unknown}
 h - a scroll of blinking {unknown}
 k - a scroll of magic mapping {unknown}
 m - a scroll of fear {unknown}
 o - a scroll of identify {unknown}
Potions
 c - a potion of lignification {unknown}
 j - 2 potions of magic {unknown}
 n - a potion of cancellation {unknown}


   Skills:
 + Level 1.4 Fighting
 + Level 3.3 Dodging
 + Level 3.7 Stealth
 + Level 4.1 Spellcasting
 + Level 2.4 Conjurations
 + Level 4.1 Fire Magic


You had 3 spell levels left.
You knew the following spells:

 Your Spells              Type           Power        Failure   Level
a - Conjure Flame         Conj/Fire      18%          10%         3
f - Fireball              Conj/Fire      9%           65%         5
x - Foxfire               Conj/Fire      72%          3%          1

Your spell library contained the following spells:

 Spells                   Type           Power        Failure   Level
 Inner Flame              Hex/Fire       13%          16%         3
 Sticky Flame             Conj/Fire      18%          30%         4


Dungeon Overview and Level Annotations

Branches:
Dungeon (5/15)
 Temple: D:4-7

Altars:
Cheibriados

Annotations:
D:2 Terence
D:3 2 transporters, tardwrangler69's ghost, amateur VSFi


Message History

Casting: Foxfire (safe; 3% risk of failure)
Confirm with . or Enter, or press ? or * to list all spells.
You conjure some foxfire!
The foxfire hits the iguana.
The iguana is heavily wounded.
The foxfire hits the iguana but does no damage.
The iguana is heavily wounded.
Casting: Foxfire (safe; 3% risk of failure)
Confirm with . or Enter, or press ? or * to list all spells.
You conjure some foxfire!
The iguana bites you.
The foxfire hits the iguana but does no damage.
The iguana is heavily wounded.
The foxfire hits the iguana but does no damage.
The iguana is heavily wounded.
The iguana bites you!
Casting: Foxfire (safe; 3% risk of failure)
Confirm with . or Enter, or press ? or * to list all spells.
You conjure some foxfire!
The iguana bites you!
Ouch! That really hurt!
You die...

#.#...............†....
###......).....##.#######
#.^......................
#.........#†##.#..#####..
..........#†##.#..# #.#
...............#..#####.#
............####..#>.....
........v§### #..#.####.
........@.# #..... #.
.......vl.# ##.#.#.#..
..........# #...#...P
......##.## . #####.P
.##### #.# .. ... #..?#
## ..#. #.l.#.? ..#..
#...####.# ..# ..


You could see an iguana.

Vanquished Creatures
  A water moccasin skeleton (D:4)
  A worker ant (D:4)
  4 adders
  A worm (D:2)
  3 dart slugs
  2 leopard geckos
  A giant cockroach (D:2)
  6 goblins
  6 hobgoblins
  6 jackals (D:4)
  2 quokkas
  10 bats
  5 frilled lizards
  7 kobolds
  A quokka skeleton (D:2)
  6 rats
62 creatures vanquished.

Vanquished Creatures (others)
  179 foxfires
179 creatures vanquished.

Grand Total: 241 creatures vanquished

Notes
Turn   | Place    | Note
-------+----------+-------------------------------------------
     0 | D:1      | jifgo the Deep Elf Fire Elementalist began the quest for
                  | the Orb.
     0 | D:1      | Reached XP level 1. HP: 10/10 MP: 6/6
   240 | D:1      | Reached XP level 2. HP: 15/15 MP: 4/8
   947 | D:1      | Reached XP level 3. HP: 20/20 MP: 7/9
   951 | D:1      | Learned a level 3 spell: Conjure Flame
  1896 | D:2      | Noticed Terence
  2364 | D:2      | Reached XP level 4. HP: 24/24 MP: 8/11
  2439 | D:2      | Reached skill level 1 in Fighting
  2702 | D:2      | Found a snail-covered altar of Cheibriados.
  2802 | D:3      | Found a transporter.
  2854 | D:3      | Noticed tardwrangler69's ghost (amateur VSFi)
  2865 | D:3      | Found a transporter.
  2947 | D:3      | You fall into a shaft and drop 2 floors!
  2947 | D:5      | Entered Level 5 of the Dungeon
  2969 | D:4      | Reached XP level 5. HP: 14/29 MP: 8/12
  3005 | D:4      | Learned a level 5 spell: Fireball
  3329 | D:4      | Slain by an iguana

Illustrated notes

Levels and vault maps discovered:
D:1:      tarquinn_simple_flora_water_c, layout_basic,
          amcnicky_mini_rare_corridor_liquid, minmay_bisected
D:2:      layout_basic, kennysheep_slug_shrine, uniq_terence
D:3:      layout_basic, fedhas_altar_3, gammafunk_ghost_stat_death
D:4:      minmay_skewed_foursquare, layout_loops_ring, tso_oasis_becter,
          grunt_ministairs_15
D:5:      cheibrodos_fzero, layout_cave_pools,
          grunt_temple_overflow_gold_and_silver, trog_book

Skill      XL: |  1  2  3  4  5 |
---------------+----------------+-----
Stealth        | 3 |  3.7
Dodging        | 3 |  3.3
Fighting       | 1 |  1.4
Conjurations   | 2 |  2.4
Fire Magic     | 4 |  4.1
Spellcasting   | 4 |  4.1

Action                   |  1- 3 |  4- 6 || total
-------------------------+-------+-------++-------
Melee: Dagger            |     2 |     1 ||     3
 Cast: Foxfire           |    74 |    40 ||   114
 Stab: Sleeping          |     1 |       ||     1
Armor: Robe              |    11 |     2 ||    13
Dodge: Dodged            |    21 |     5 ||    26
